 Dungeon Crawl Stone Soup version 0.21.1-1-g345015fe64 (webtiles) character file.

86 NullDivider the Charlatan (level 4, -2/23 HPs)
             Began as a Spriggan Artificer on Apr 27, 2018.
             Slain by an ogre
             ... wielding a +0 giant spiked club
              (25 damage)
             ... on level 3 of the Dungeon.
             The game lasted 00:08:35 (3378 turns).

NullDivider the Charlatan (Spriggan Artificer)      Turns: 3378, Time: 00:08:36

Health: -2/23      AC:  2    Str:  8    XL:     4   Next: 27%
Magic:  8/8        EV: 20    Int: 12    God:
Gold:   196        SH:  0    Dex: 23    Spells: 3/3 levels left

rFire    . . .     SeeInvis +   h - +1 dagger (venom)
rCold    . . .     Gourm    .   (shield restricted)
rNeg     . . .     Faith    .   b - +0 robe
rPois    .         Spirit   .   (helmet restricted)
rElec    .         Reflect  .   (no cloak)
rCorr    .         Harm     .   (gloves unavailable)
MR       .....                  (boots unavailable)
Stlth    +++.......             (no amulet)
HPRegen  0.07/turn              k - +6 ring of dexterity
MPRegen  0.11/turn              (no ring)

@: very quick
A: very small, unfitting armour, see invisible, herbivore, speed 3, slow
metabolism 2
a: no special abilities


You were on level 3 of the Dungeon.
You were not hungry.

You visited 1 branch of the dungeon, and saw 3 of its levels.

You collected 196 gold pieces.

Inventory:

Hand Weapons
 h - a +1 dagger of venom (weapon)
Armour
 b - a +0 robe (worn)
Jewellery
 k - a +6 ring of dexterity (left hand)
Wands
 c - a wand of flame (15)
 d - a wand of enslavement (15)
 e - a wand of random effects (15)
Scrolls
 a - 2 scrolls of fear {unknown}
 i - 3 scrolls of teleportation {unknown}
 m - a scroll of identify {unknown}
Potions
 g - a potion of degeneration {unknown}
 j - 2 potions of flight {unknown}
 l - a potion of curing {unknown}
Comestibles
 f - 4 rations


   Skills:
 * Level 2.2 Fighting
 + Level 2.0 Short Blades
 + Level 3.8 Dodging
 + Level 2.7 Stealth
 + Level 4.4 Evocations


You had 3 spell levels left.
You didn't know any spells.

Dungeon Overview and Level Annotations

Branches:
Dungeon (3/15)

Altars:
Dithmenos


Innate Abilities, Weirdness & Mutations

You are very small and have problems with some larger weapons.
You are too small for most types of armour.
You have supernaturally acute eyesight. (SInv)
You are a herbivore.
You cover ground extremely quickly.
You need consume almost no food.


Message History

No target in view!
You see here a frilled lizard corpse.
An ogre comes into view. It is wielding a giant spiked club.
The ogre shouts!
You barely miss the ogre. The ogre closely misses you.
You hit the ogre.
The ogre is poisoned.
The ogre is lightly wounded.
The ogre completely misses you.
You hit the ogre.
The ogre is poisoned.
The ogre is heavily wounded.
The ogre completely misses you.
The ogre looks more healthy.
You closely miss the ogre.
The ogre is severely wounded.
The ogre barely misses you.
You hit the ogre.
The ogre is poisoned.
The ogre is severely wounded.
The ogre hits you with a giant spiked club!!
Ouch! That really hurt!
You die...

....... ... ....### ### #.#
....... #.######.# #.#<...
#...<..#.#
#######################.####.#$#
.....................>#.# #.#.#
........................# #.#.#
#########.#######.##########†#.#
...............O@............#.#
.########.#######.############.#
.#..........O..................#
.#.#######.######.##############
.# #####..#####.# .#
###.........##.# .#
#...........##.# .#
#...........##.# ##
#...........##.#


You could see an ogre.

Vanquished Creatures
  An adder (D:3)
  An adder skeleton (D:2)
  A worm (D:2)
  4 dart slugs
  A leopard gecko (D:2)
  3 orcs (D:3)
  3 giant cockroaches
  5 goblins
  7 hobgoblins
  4 jackals (D:2)
  7 kobolds
  A quokka (D:3)
  9 bats
  7 frilled lizards
  4 rats
58 creatures vanquished.

Notes
Turn   | Place    | Note
-------+----------+-------------------------------------------
     0 | D:1      | NullDivider the Spriggan Artificer began the quest for the Orb.
     0 | D:1      | Reached XP level 1. HP: 9/9 MP: 4/4
    32 | D:1      | Reached skill level 1 in Fighting
   214 | D:1      | Reached XP level 2. HP: 8/14 MP: 6/6
  1470 | D:2      | Reached XP level 3. HP: 3/18 MP: 7/7
  2265 | D:2      | Found a faded altar of an unknown god.
  2977 | D:3      | Reached XP level 4. HP: 23/23 MP: 8/8
  2979 | D:3      | Found a shadowy altar of Dithmenos.
  3323 | D:3      | Noticed an ogre
  3378 | D:3      | Slain by an ogre

Skill      XL: |  1  2  3 |
---------------+----------+-----
Fighting       | 1 2 |  2.2
Stealth        | 2 |  2.7
Short Blades   | 2 |  2.0
Dodging        | |  3.8
Evocations     | |  4.4

Action                   |  1- 3 |  4- 6 || total
-------------------------+-------+-------++-------
Melee: Short sword       |    68 |       ||    68
       Dagger            |    88 |    22 ||   110
 Stab: Sleeping          |    10 |     3 ||    13
Armor: Robe              |    13 |     2 ||    15
Dodge: Dodged            |    93 |     9 ||   102
